 Dungeon Crawl Stone Soup version 0.24.0-125-gc4c63601f3 (webtiles) character file.

Game seed: 10215777509866422342, levelgen mode: deterministic

103499 MisterOstroum the Fighter (level 16, -6/102 HPs)
             Began as a Vine Stalker Chaos Knight on Mar 13, 2020.
             Was a Plaything of Xom.
             Killed from afar by a wretched star (25 damage)
             ... with an orb of energy
             ... on level 3 of the Abyss on Mar 14, 2020.
             The game lasted 01:33:35 (28385 turns).

MisterOstroum the Fighter (VSCK)                   Turns: 28385, Time: 01:33:36

Health: -6/102     AC: 12    Str: 23    XL:     16   Next: 36%
Magic:  0/24       EV: 18    Int: 14    God:    Xom [...*..]
Gold:   982        SH:  0    Dex: 16    Spells: 11/21 levels left

rFire    + . .     SeeInvis .   c - +0 short sword (chaos)
rCold    . . .     Gourm    .   (no shield)
rNeg     + . .     Faith    .   K - +2 robe of Surprise {Int+6 Dex+5}
rPois    .         Spirit   +   (helmet restricted)
rElec    .         Reflect  .   (no cloak)
rCorr    .         Harm     .   S - +2 pair of gloves
MR       ++...                  (no boots)
Stlth    ++++++....             y - amulet of regeneration
HPRegen  1.47/turn              H - ring "Ciwiliw" {rN+ Stlth+}
MPRegen  0.19/turn              v - +2 ring of strength

@: about to teleport
A: antennae 1, claws 1, fangs 3, icy blue scales 1, molten scales 1, slimy green
scales 1, [blurry vision 2], [clumsy 2], [deformed body], [deterioration 2],
[dopey 2], fire resistance 1, regeneration 2, robust 1, evolution 1, magic
shield, antimagic bite, no potion heal 3, rot immunity, MP-powered wands
a: Renounce Religion


You were on level 3 of the Abyss.
You worshipped Xom.
You were a favourite toy of Xom.
You were not hungry.

You visited 4 branches of the dungeon, and saw 24 of its levels.
You visited the Abyss 1 time.
You also visited: Bailey.

You collected 2256 gold pieces.
You spent 1274 gold pieces at shops.

Inventory:

Hand Weapons
 a - a +6 shortbow of chaos
 b - a +2 dagger of draining
 c - a +0 short sword of chaos (weapon)
 E - the +9 scimitar of Reason {drain, rPois MR+ Dex+3}
   (You bought it in a shop on level 8 of the Dungeon)

   A truly terrible weapon, it drains the life of those it strikes.
   It affects your dexterity (+3).
   It protects you from poison.
   It affects your resistance to hostile enchantments.
Missiles
 f - 835 stones
 k - 6 javelins
 l - 2 throwing nets {!f}
 p - 235 arrows
 s - 49 poisoned darts (quivered)
Armour
 q - a +1 helmet
 K - the +2 robe of Surprise (worn) {Int+6 Dex+5}
   (You found it on level 7 of the Dungeon)

   It affects your intelligence (+6).
   It affects your dexterity (+5).
 S - a +2 pair of gloves (worn)
Jewellery
 h - an uncursed ring of protection from fire
 v - a +2 ring of strength (right hand)
 y - an amulet of regeneration (around neck)
 G - an uncursed ring of resist corrosion
 H - the ring "Ciwiliw" (left hand) {rN+ Stlth+}
   (You took it off a tengu warrior on level 15 of the Dungeon)

   [ring of stealth]

   It protects you from negative energy.
   It makes you more stealthy.
 T - the amulet of Xitufik {Gourm rF+++ rC++ MP-9}
   (Xom gifted it to you on level 10 of the Dungeon)

   [amulet of the gourmand]

   It allows you to eat raw meat even when not hungry.
   It renders you almost immune to fire.
   It greatly protects you from cold.
   It affects your magic capacity (-9).
Wands
 r - a wand of random effects (58)
 w - a wand of iceblast (5)
 A - a wand of paralysis (2)
 B - a wand of acid (3)
 U - a wand of polymorph (7)
Scrolls
 j - 2 scrolls of teleportation {@r3 !r}
 m - 4 scrolls of immolation
 n - 3 scrolls of blinking {@r4}
 o - 7 scrolls of remove curse {@r2}
 t - a scroll of identify {@r1}
 u - a scroll of magic mapping {@r5 !r}
 x - 2 scrolls of fear
 D - 2 scrolls of fog {!r}
 J - a scroll of summoning
 M - 2 scrolls of vulnerability
Potions
 d - 2 potions of ambrosia
 g - 3 potions of lignification {@q6}
 i - 3 potions of haste {@q4 !q}
 z - a potion of mutation
 C - 4 potions of flight
 F - a potion of might {@q3 !q}
 I - a potion of berserk rage
 L - 2 potions of agility {@q5 !q}
 O - a potion of brilliance
 P - a potion of resistance
 Q - a potion of cancellation
 W - 3 potions of curing {@q1 !q}
 Y - 2 potions of magic
Miscellaneous
 X - 2 phantom mirrors
Comestibles
 e - 50 rations


   Skills:
 * Level 14.3 Fighting
 - Level 5.8(6.0) Short Blades
 - Level 1.8(4.1) Long Blades
 - Level 14.0 Bows
 - Level 2.1 Armour
 + Level 8.4 Dodging
 + Level 10.8 Stealth
 + Level 3.3 Spellcasting
 + Level 3.0 Hexes
 - Level 10.0 Evocations


You had 11 spell levels left.
You knew the following spells:

 Your Spells              Type           Power        Failure   Level  Hunger
a - Passwall              Tmut/Erth      #.......     30%         2    ##.....
b - Swiftness             Chrm/Air       #.......     30%         2    ##.....
c - Invisibility          Hex            ##......     100%        6    #######

Your spell library contained the following spells:

 Spells                   Type           Power        Failure   Level  Hunger
 Tukima's Dance           Hex            ##......     19%         3    ###....
 Apportation              Tloc           #.....       21%         1    #......
 Sting                    Conj/Pois      #...         21%         1    #......
 Summon Butterflies       Summ           #.......     21%         1    #......
 Poisonous Vapours        Pois/Air       #.....       30%         2    ##.....
 Lesser Beckoning         Tloc           #.........   52%         3    ###....
 Mephitic Cloud           Conj/Pois/Air  #.......     52%         3    ###....
 Olgreb's Toxic Radiance  Pois           #.......     90%         4    #####..
 Passage of Golubria      Tloc           N/A          90%         4    #####..
 Alistair's Intoxication  Tmut/Pois      #.......     99%         5    ######.
 Lee's Rapid Deconstruct  Erth           #.........   99%         5    ######.
 Venom Bolt               Conj/Pois      #.........   99%         5    ######.
 Darkness                 Hex            ##........   100%        6    #######


Dungeon Overview and Level Annotations

Branches:
Dungeon (15/15)            Temple (0/1) D:7            Lair (5/6) D:9
 Shoals (2/4) Lair:2        Snake (0/4) Lair:3        Slime (0/5) Lair:5
    Orc (2/2) D:10            Elf (0/3) Orc:2        Vaults (0/5) D:14
 Depths (0/5) D:15         Bailey (visited)

Altars:
Cheibriados
Dithmenos
Makhleb
Okawaru
Trog
Uskayaw
Vehumet
Xom
Beogh

Shops:
D:4 %   D:5 ?   D:8 (}((   D:9 (   D:10 ([   Orc:2 }*(*

Annotations:
D:7 Menkaure
D:9 1 runed translucent door
D:15 exclusion: door
Lair:2 exclusion: oklob plant
Lair:4 exclusion: oklob plant
Lair:5 exclusion: 2 oklob plants, Nessos
Shoals:2 Polyphemus


Innate Abilities, Weirdness & Mutations

You have razor-sharp teeth.
You heal very quickly.
When hurt, damage is shared between your health and your magic reserves.
Your bite disrupts and absorbs the magic of your enemies.
Potions cannot restore your health.
You are immune to rotting.
You have a pair of small antennae on your head.
You have sharp fingernails.
You are partially covered in icy blue scales. (AC +2)
You are partially covered in molten scales. (AC +2)
You are partially covered in slimy green scales. (AC +2)
Your flesh is heat resistant. (rF+)
You are robust. (+10% HP)
You evolve.
You expend magic power (3 MP) to strengthen your wands.
[Scrolls take you longer to read.]
[You are very clumsy. (Dex -4)]
[Armour fits poorly on your strangely shaped body.]
[Your body often deteriorates upon taking damage.]
[You are very dopey. (Int -4)]


Message History

Press: ? - help, Shift-Dir - straight line, f/p - tentacled starspawn
Aim: a tentacled starspawn (severely damaged, fast)
You shoot an arrow. The arrow hits the starspawn tentacle!
The arrow freezes the starspawn tentacle.
The starspawn tentacle is almost destroyed.
Firing (i - inventory. (/) - cycle)
p - 237 arrows (quivered)
Press: ? - help, Shift-Dir - straight line, f/p - starspawn tentacle
Aim: a starspawn tentacle (almost destroyed)
You shoot an arrow. The arrow hits the starspawn tentacle.
The starspawn tentacle is almost destroyed.
The starspawn tentacle grabs you. The starspawn tentacle constricts you.
Firing (i - inventory. (/) - cycle)
p - 236 arrows (quivered)
Press: ? - help, Shift-Dir - straight line, f/p - starspawn tentacle
Aim: a starspawn tentacle (almost destroyed)
You shoot an arrow.
The arrow hits the starspawn tentacle but does no damage.
The starspawn tentacle loses its grip on you.
The tentacle pulls you backwards!
A wretched star comes into view.
You sense an unholy aura.
b - a +2 dagger of draining (weapon)
The starspawn tentacle closely misses you.
You hit the tentacled starspawn.
You bite the tentacled starspawn, but do no damage.
The tentacled starspawn is almost destroyed.
The tentacled starspawn bites you but does no damage.
The tentacled starspawn engulfs you.
The starspawn tentacle barely misses you.
The starspawn tentacle grabs you. The starspawn tentacle constricts you.
You hit the tentacled starspawn but do no damage.
The starspawn tentacle loses its grip on you.
You bite the tentacled starspawn! You drain its power.
You feel invigorated.
The tentacled starspawn is almost destroyed.
The wretched star pulses with an eldritch light!
You feel less energetic. x2
The tentacled starspawn bites you!! The tentacled starspawn engulfs you!!
Your +0 short sword of chaos is briefly surrounded by a scintillating aura of random colours.
c - a +0 short sword of chaos (weapon)
The starspawn tentacle grabs you. The starspawn tentacle constricts you.
The starspawn tentacle loses its grip on you.
The tentacle pulls you backwards! The tentacled starspawn misses you.
The tentacled starspawn barely misses you.
Found 17 gold pieces.
A starspawn tentacle segment comes into view.
You hit the tentacled starspawn.
Lightning courses through the tentacled starspawn!
You destroy the tentacled starspawn!
The starspawn's tentacles wither and die.
You feel the corruption within you wane completely.
You feel more energetic. x2
Your Hexes skill increases to level 3!
The wretched star pulses with an eldritch light!
You feel yourself wasting away.
You feel your body start to fall apart.
Your body twists and deforms.
All of the chunks of flesh in your inventory have rotted away.
The wretched star glows turbulently.
The orb of energy hits you!
The orb of energy explodes!
You see here an arrow.
The wretched star pulses with an eldritch light!
You feel clumsy. x2
A small abomination comes into view.
You see here an arrow.
The wretched star pulses with an eldritch light!
Your vision blurs. x2
A spatial maelstrom comes into view.
Really read
j - 3 scrolls of teleportation {@r3 !r}?
Really read with blurry vision while enemies are nearby? [Y]es or [N]o only, please.
Really read with blurry vision while enemies are nearby?
Okay, then.
Unknown command.
Unknown command.
Really read
j - 3 scrolls of teleportation {@r3 !r}?
Really read with blurry vision while enemies are nearby? "Heh heh heh..."
You begin reading the scroll.
You continue reading the scroll.
As you read the scroll of teleportation {@r3 !r}, it crumbles to dust.
You feel strangely unstable.
You feel the power of the Abyss delaying your translocation!
Unknown command.
Unknown command.
A spatial vortex comes into view.
A spatial vortex comes into view.
The lurking horror explodes!
Your body is wracked with pain!
The wretched star glows turbulently.
The orb of energy hits you!!
* * * LOW HITPOINT WARNING * * *
The orb of energy explodes!
The wretched star pulses with an eldritch light!
You feel stupid. x2
Okay, then.
Unknown command.
Unknown command. "Hum-dee-hum-dee-hum..."
The small abomination is charmed.
The wretched star glows turbulently.
The orb of energy hits you!!
You die...
Xom bursts into laughter!

... .....
#........ ###
##........
#.####..... ...
###......... ....
##..*#.#.((..##...
#...x..#.((.(##. .
#......##...(((.(
#@......#........
#...v..v#.........
#.................
#....v......... ..
#........#. ......
##.......# . #...
#...... .. #...
#.....


You could see a spatial maelstrom, a wretched star, 2 spatial vortices and a
friendly small abomination.

Vanquished Creatures
  A tentacled starspawn (Abyss:3)
  A stone giant (Orc:1)
  A merfolk impaler (Shoals:1)
  An ogre mage (D:13)
  A rakshasa (D:13)
  A merfolk avatar (Shoals:1)
  7 hydras
  A catoblepas (D:14)
  3 centaur warriors
  2 dancing weapons (D:15)
  4 tengu warriors
  5 two-headed ogres
  8 orc high priests (Orc:2)
  Urug (Orc:1)
  A hell knight (D:12)
  2 sea snakes
  3 unseen horrors
  A lindwurm (D:10)
  A harpy (shapeshifter) (D:15)
  6 ugly things
  4 deep elf magi (D:15)
  A wolf spider zombie (D:14)
  4 orc sorcerers
  7 cyclopes
  9 fauns
  7 manticores
  A wolf spider (D:11)
  A moth of wrath (Shoals:2)
  9 merfolk sirens
  2 black mambas
  3 spiny frogs
  A naga mage (D:15)
  2 centaur skeletons
  2 gargoyles (D:13)
  A rime drake (Lair:2)
  4 komodo dragons
  An efreet (D:15)
  4 yaktaurs (D:15)
  3 tengu conjurers
  3 meliai
  9 trolls
  10 merfolk
  A hornet (D:15)
  A polar bear (Lair:5)
  A troll (shapeshifter) (D:12)
  11 hippogriffs
  A wind drake (shapeshifter) (D:14)
  10 blink frogs
  10 slime creatures
  4 snapping turtles
  A vampire (D:15)
  Sigmund (D:3)
  4 flying skulls (Abyss:3)
  A wraith (D:13)
  A shadow (D:12)
  4 water elementals
  2 wyverns
  4 hungry ghosts
  2 steam dragons
  29 yaks
  7 vampire mosquitoes
  10 wargs
  2 insubstantial wisps (D:11)
  Edmund (D:4)
  A soldier ant (D:15)
  8 water moccasins
  9 porcupines
  23 orc warriors
  10 sky beasts
  5 ice beasts
  A hornet zombie (D:14)
  3 black bears
  A phantom (D:4)
  10 centaurs
  11 ogres
  11 crocodiles
  A small abomination (Abyss:3)
  3 big kobolds
  2 gnoll sergeants
  19 bullfrogs
  A scorpion (D:6)
  5 wights
  3 howler monkeys
  3 electric eels
  6 crimson imps
  2 bullfrog zombies
  5 centaur zombies
  8 hounds
  25 orc wizards
  5 jellies
  41 orc priests
  3 bullfrog skeletons
  6 iguanas
  Terence (D:2)
  12 worker ants
  2 hound zombies
  14 gnolls
  11 adders
  A howler monkey skeleton (D:11)
  2 shadow imps
  An ufetubus (Abyss:3)
  2 oozes
  3 adder skeletons
  2 worms
  A dart slug (D:4)
  7 leopard geckos
  118 orcs
  9 bats
  2 giant cockroaches
  11 goblins
  6 hobgoblins
  10 jackals
  4 quokkas
  2 ball pythons
  A frilled lizard (D:5)
  27 kobolds
  A leopard gecko skeleton (D:7)
  6 rats
734 creatures vanquished.

Vanquished Creatures (collateral kills)
  A centaur warrior (D:15)
  A glowing orange brain (Shoals:2)
  3 ugly things (D:15)
  A komodo dragon (Lair:3)
  Prince Ribbit (D:5)
  A slime creature (D:15)
  A snapping turtle (Shoals:1)
  2 yaks
  3 vampire mosquitoes (D:14)
  An orc wizard (D:4)
  An adder (D:4)
  2 orcs (D:4)
  A giant cockroach (D:2)
  A fungus (Lair:2)
20 creatures vanquished.

Vanquished Creatures (others)
  2 fungi (Lair:2)
  A lurking horror (Abyss:3)
  6 plants
  2 starspawn tentacles (Abyss:3)
11 creatures vanquished.

Grand Total: 765 creatures vanquished

Notes
Turn   | Place    | Note
-------+----------+-------------------------------------------
     0 | D:1      | MisterOstroum the Vine Stalker Chaos Knight began the quest
                  | for the Orb.
     0 | D:1      | Reached XP level 1. HP: 11/11 MP: 2/2
    73 | D:1      | XOM: divination: magic mapping
   219 | D:1      | Reached skill level 1 in Stealth
   243 | D:1      | Reached XP level 2. HP: 16/16 MP: 3/3
   342 | D:1      | XOM: silly message
   565 | D:1      | XOM: divination: detect creatures
   590 | D:1      | XOM: divination: magic mapping
   650 | D:1      | XOM: mild Air miscast
   766 | D:2      | Noticed Terence
   767 | D:2      | XOM: 2-stop teleportation journey
   786 | D:2      | Reached XP level 3. HP: 13/19 MP: 4/4
   899 | D:2      | XOM: mild Pois miscast
   957 | D:2      | XOM: enchant monster (good)
  1104 | D:2      | Killed Terence
  1246 | D:2      | XOM is BORED!
  1246 | D:2      | XOM: medium Ice miscast
  1308 | D:2      | Noticed an ogre
  1312 | D:2      | XOM: cast spell 'Summon Ice Beast'
  1317 | D:2      | XOM: torment (3/20 hp)
  1332 | D:2      | Gained mutation: Your natural rate of healing is unusually
                  | fast. [Vine Stalker growth]
  1332 | D:2      | Reached XP level 4. HP: 4/24 MP: 2/5
  1659 | D:2      | XOM: mild Pois miscast
  1679 | D:2      | XOM: divination: detect items
  1687 | D:2      | XOM: confusion (+ monsters)
  1690 | D:2      | XOM: cast spell 'Summon Small Mammal'
  1710 | D:2      | Killed an ogre
  1710 | D:2      | Reached skill level 1 in Dodging
  1710 | D:2      | Reached XP level 5. HP: 24/28 MP: 6/6
  1904 | D:3      | XOM: scenery: 1 doors open
  2057 | D:3      | Noticed Sigmund
  2068 | D:3      | XOM: silly message
  2076 | D:3      | Killed Sigmund
  2076 | D:3      | Reached XP level 6. HP: 28/33 MP: 7/7
  2182 | D:3      | XOM: cast spell 'Call Canine Familiar'
  2288 | D:3      | XOM: enchant monster (bad)
  2298 | D:3      | XOM: potion effect (brilliance)
  2329 | D:3      | XOM: noise
  2589 | D:4      | Found Qeiwu's Food Shoppe.
  2662 | D:4      | Reached XP level 7. HP: 38/38 MP: 8/8
  2677 | D:4      | XOM: summons friendly quasit
  2680 | D:4      | Reached skill level 5 in Short Blades
  2711 | D:4      | XOM: harmless Conj miscast
  2919 | D:4      | Reached skill level 1 in Evocations
  2994 | D:4      | Noticed Edmund
  3155 | D:4      | Found a burning altar of Makhleb.
  3161 | D:4      | XOM: summons 2 friendly demons
  3392 | D:4      | XOM: mild Hex miscast
  3397 | D:5      | Entered Level 5 of the Dungeon
  3454 | D:5      | Noticed Prince Ribbit
  3519 | D:5      | Found Yteineff's Magic Scroll Boutique.
  3524 | D:5      | XOM: 2-stop teleportation journey
  3534 | D:5      | XOM: summons 7 friendly demons
  3539 | D:5      | Killed Prince Ribbit
  3539 | D:5      | Reached skill level 5 in Fighting
  3539 | D:5      | Gained mutation: You have razor-sharp teeth. [Vine Stalker
                  | growth]
  3539 | D:5      | Reached XP level 8. HP: 28/43 MP: 8/10
  3617 | D:5      | Found an iron altar of Okawaru.
  3806 | D:5      | Bought a scroll of blinking for 97 gold pieces
  3806 | D:5      | Bought a scroll of identify for 26 gold pieces
  3806 | D:5      | Bought a scroll of teleportation for 39 gold pieces
  3832 | D:5      | XOM: god gift: robe {god gift}
  4241 | D:6      | XOM: chaos upgrade
  4506 | D:6      | Reached skill level 1 in Bows
  4522 | D:6      | XOM: summons 4 hostile shadow creatures
  4685 | D:6      | Found a bloodstained altar of Trog.
  4685 | D:6      | Found a radiant altar of Vehumet.
  4741 | D:6      | XOM: 1-stop teleportation journey
  4807 | D:6      | XOM: summons 4 hostile demons
  4843 | D:6      | Reached skill level 5 in Stealth
  4843 | D:6      | Reached XP level 9. HP: 31/48 MP: 11/11
  5038 | D:6      | Found a snail-covered altar of Cheibriados.
  5610 | D:6      | XOM: summons 4 hostile demons
  5636 | D:6      | XOM: harmless Pois miscast
  5720 | D:6      | XOM: enchant monster (bad)
  5817 | D:7      | Found a staircase to the Ecumenical Temple.
  6183 | D:7      | Noticed Menkaure
  6605 | D:7      | XOM: cast spell 'Summon Hydra'
  6609 | D:7      | Reached XP level 10. HP: 55/55 MP: 12/14
  6687 | D:7      | XOM: cast spell 'Necromutation'
  6717 | D:7      | XOM: confuse monster(s)
  6718 | D:7      | Reached skill level 5 in Bows
  6787 | D:7      | Got a heavily jewelled robe
  7006 | D:7      | XOM: god gift: thin runed staff {god gift}
  7010 | D:7      | XOM: confusion
  7372 | D:8      | Found Eshrut's Weapon Emporium.
  7417 | D:8      | Noticed a cyclops
  7439 | D:8      | Killed a cyclops
  7457 | D:8      | XOM: mild Pois miscast
  7541 | D:8      | XOM: harmless Pois miscast
  7723 | D:8      | Found Hecoq's Antique Weapon Emporium.
  7789 | D:8      | Found Saicwed's Gadget Shop.
  7795 | D:8      | XOM: divination: magic mapping
  7872 | D:8      | Found Suilol's Weapon Shoppe.
  8163 | D:9      | XOM: silly message
  8308 | D:9      | XOM: harmless Hex miscast
  8364 | D:9      | Noticed a +0 hand axe
  8364 | D:9      | Noticed a +0 dagger
  8366 | D:9      | Found a hide-covered altar of Uskayaw.
  8396 | D:9      | Found a staircase to the Lair.
  8451 | D:9      | Found a runed translucent door.
  8451 | D:9      | Noticed a tengu warrior
  8495 | D:9      | Found a shadowy altar of Dithmenos.
  8504 | D:9      | Found Qucul's Antique Weapon Boutique.
  8859 | Lair:1   | Entered Level 1 of the Lair of Beasts
  8861 | Lair:1   | Reached skill level 5 in Dodging
  8959 | Lair:1   | XOM: harmless Hex miscast
  8981 | Lair:1   | Reached skill level 5 in Evocations
  9036 | Lair:1   | Noticed a black mamba
  9048 | Lair:1   | Killed a black mamba
  9057 | Lair:1   | XOM: smoke on damage
  9199 | Lair:1   | Reached XP level 11. HP: 59/62 MP: 13/15
  9243 | Lair:1   | XOM: harmless Pois miscast
  9514 | Lair:1   | Noticed a four-headed hydra
  9521 | Lair:1   | Killed a four-headed hydra
  9629 | Lair:1   | XOM: noise
  9745 | Lair:2   | XOM: noise
  9746 | Lair:2   | Noticed an eight-headed hydra
  9771 | Lair:1   | XOM: mild Summ miscast
  9833 | Lair:2   | Found a staircase to the Shoals.
 10011 | Lair:2   | XOM: noise
 10111 | Lair:2   | Noticed an oklob plant
 10161 | Lair:2   | XOM: cloud trail
 10178 | Lair:2   | XOM: cast spell 'Leda's Liquefaction'
 10181 | Lair:2   | Killed an eight-headed hydra
 10677 | Lair:2   | XOM: summons 8 friendly demons
 10792 | Lair:2   | XOM: mild Air miscast
 11004 | Lair:2   | Identified the +2 robe of Surprise {Int+6 Dex+5} (You found
                  | it on level 7 of the Dungeon)
 11115 | Lair:3   | Reached skill level 10 in Fighting
 11272 | Lair:3   | XOM: god gift: scroll of amnesia
 11357 | Lair:3   | XOM: summons 6 friendly demons
 11481 | Lair:3   | XOM: confuse monster(s)
 11568 | Lair:3   | XOM: potion effect (invisibility)
 11578 | Lair:3   | XOM: potion effect (brilliance)
 11582 | Lair:3   | XOM: divination: detect creatures
 11703 | Lair:3   | XOM: god gift: paperback book {god gift}
 11708 | Lair:3   | Learned a level 2 spell: Passwall
 11711 | Lair:3   | Learned a level 2 spell: Swiftness
 11856 | Lair:3   | XOM: divination: detect creatures
 11868 | Lair:3   | Gained mutation: You heal very quickly. [Vine Stalker
                  | growth]
 11868 | Lair:3   | Reached XP level 12. HP: 57/67 MP: 17/17
 11912 | Lair:3   | Reached skill level 1 in Spellcasting
 12026 | Lair:3   | Found a staircase to the Snake Pit.
 13080 | Lair:5   | XOM: potion effect (experience)
 13080 | Lair:5   | Reached XP level 13. HP: 74/74 MP: 17/19
 13186 | Lair:5   | XOM: smoke on damage
 13249 | Lair:5   | XOM: divination: magic mapping
 13422 | Lair:5   | Reached skill level 10 in Bows
 13473 | Lair:5   | Noticed Nessos
 13607 | Lair:5   | XOM: 2-stop teleportation journey
 14165 | Lair:4   | XOM: god gift: book of Party Tricks
 14348 | D:4      | XOM: god gift: robe {god gift}
 14457 | D:4      | Killed Edmund
 14573 | D:10     | Entered Level 10 of the Dungeon
 14628 | D:10     | Found Lakluasu's Armour Shoppe.
 14628 | D:10     | Found a staircase to the Orcish Mines.
 14630 | D:10     | Found Sasil's Weapon Shoppe.
 14710 | D:10     | XOM: scenery: create altars
 15031 | D:10     | XOM: god gift: serpentine ruby amulet {god gift}
 15032 | D:10     | Got a serpentine ruby amulet {god gift}
 15033 | D:10     | Identified the amulet of Xitufik {Gourm rF+++ rC++ MP-9}
                  | (Xom gifted it to you on level 10 of the Dungeon)
 15423 | D:11     | XOM: 1-stop teleportation journey
 15426 | D:11     | XOM: enchant monster (good)
 15450 | D:11     | XOM: divination: detect creatures
 15557 | D:11     | XOM: 2-stop teleportation journey
 15605 | D:11     | XOM: summons 8 friendly demons
 15822 | D:11     | XOM: potion effect (magic)
 15830 | D:11     | XOM: noise
 15963 | D:11     | XOM: divination: detect creatures
 16367 | D:11     | XOM: noise
 16384 | D:11     | XOM: noise
 16650 | D:11     | XOM: potion effect (agility)
 16740 | Orc:1    | Entered Level 1 of the Orcish Mines
 16749 | D:10     | XOM: divination: detect creatures
 16754 | D:10     | XOM: fake destruction
 16795 | D:10     | XOM: polymorph orc knight -> lindwurm
 16857 | D:10     | HP: 2/74 [warg (4)]
 16902 | D:9      | XOM: give mutations
 16902 | D:9      | Gained mutation: You are surrounded by a mild repulsion
                  | field. (EV +2) [Xom's grace]
 16902 | D:9      | Gained mutation: You have sharp fingernails. [Xom's grace]
 16902 | D:9      | Gained mutation: Your spells are a little harder to cast,
                  | but a little more powerful. [Xom's grace]
 16902 | D:9      | Gained mutation: You are partially covered in slimy green
                  | scales. (AC +2) [Xom's grace]
 16995 | D:10     | XOM: god gift: pink potion {god gift}
 17040 | D:10     | XOM: enchant monster (good)
 17150 | Orc:1    | XOM: enchant monster (bad)
 17209 | Orc:1    | Found a flagged portal.
 17221 | Bailey   | Entered a bailey
 17242 | Orc:1    | XOM: butterfly on damage
 17268 | Orc:1    | XOM: blink monster(s)
 17292 | Orc:1    | XOM: medium Conj miscast
 17517 | Orc:1    | Noticed a stone giant
 17518 | Orc:1    | XOM: butterfly on damage
 17783 | Orc:1    | Noticed Urug
 17803 | Orc:1    | Reached XP level 14. HP: 80/80 MP: 20/20
 17808 | Orc:1    | XOM: noise
 17820 | Orc:1    | XOM: mild Summ miscast
 17827 | Orc:1    | XOM: summons 3 friendly demons
 17829 | Orc:1    | Killed a stone giant
 17831 | Orc:1    | Killed Urug
 18101 | Orc:2    | Entered Level 2 of the Orcish Mines
 18457 | Orc:2    | XOM: torment (49/80 hp)
 18478 | Orc:2    | XOM: 1-stop teleportation journey
 18544 | Orc:2    | XOM: medium Tmut miscast
 18756 | Orc:2    | XOM: 2-stop teleportation journey
 18792 | Orc:2    | XOM: divination: detect items
 18952 | Orc:1    | XOM: harmless Hex miscast
 18956 | Orc:2    | XOM: summons 3 friendly demons
 19092 | Orc:2    | Found a roughly hewn altar of Beogh.
 19202 | Orc:2    | Found a staircase to the Elven Halls.
 19269 | Orc:2    | Found Exont's General Store.
 19269 | Orc:2    | Found Hustry's Antique Weapon Shoppe.
 19602 | Orc:2    | XOM: summons 1 hostile demon
 19622 | Orc:2    | XOM: harmless Ice miscast
 19626 | Orc:2    | XOM: polymorph orc warrior -> warg
 19659 | Orc:2    | XOM: chaos cloud
 19745 | Orc:2    | Found Vigad's Assorted Antiques.
 19745 | Orc:2    | Found Zahun's Gadget Shoppe.
 19779 | Orc:2    | XOM: god gift: 5 rations
 19820 | Orc:2    | Learned a level 6 spell: Invisibility
 19951 | D:12     | XOM: 3-stop teleportation journey
 20065 | D:12     | XOM: confuse monster(s)
 20089 | D:12     | XOM: scenery: create altars
 20109 | D:12     | Noticed a shadow dragon
 20177 | D:11     | XOM: scenery: create altars
 20217 | D:12     | XOM: medium Necr miscast
 20444 | D:12     | XOM: noise
 20540 | D:12     | XOM: 2-stop teleportation journey
 20618 | D:12     | XOM: harmless Ice miscast
 20630 | D:12     | XOM: polymorph fire dragon -> glowing shapeshifter
 20748 | D:12     | Reached skill level 10 in Stealth
 20910 | D:12     | XOM: enchant monster (bad)
 20934 | D:12     | Noticed a quicksilver dragon
 20934 | D:12     | Noticed a shadow dragon
 20934 | D:12     | a quicksilver dragon changed into a shadow dragon
 20942 | D:12     | a shadow dragon changed into an iron troll
 20946 | D:12     | Noticed a dire elephant
 20946 | D:12     | an alligator snapping turtle changed into a dire elephant
 20948 | D:12     | Noticed an emperor scorpion
 20948 | D:12     | a dire elephant changed into an emperor scorpion
 21246 | D:12     | XOM: god gift: wand of random effects (16)
 21536 | D:12     | XOM: potion effect (berserk rage)
 21733 | D:13     | XOM: blink monster(s)
 21848 | D:12     | XOM: harmless Hex miscast
 21860 | D:12     | XOM: give mutations
 21860 | D:12     | Gained mutation: You passively map a small area around you.
                  | [Xom's grace]
 21860 | D:12     | Gained mutation: You are robust. (+10% HP) [Xom's grace]
 22102 | D:13     | XOM: cleaving
 22103 | D:13     | XOM: scenery: create altars
 22104 | D:13     | XOM: summons friendly crimson imp
 22120 | D:13     | XOM: divination: detect creatures
 22285 | D:13     | XOM: god gift: 17 arrows
 22289 | D:13     | XOM: summons friendly iron imp
 22404 | D:13     | Reached XP level 15. HP: 94/94 MP: 22/22
 22455 | D:13     | XOM: scenery: create altars
 22574 | D:13     | XOM: repel stairs
 22579 | D:13     | XOM: swap monsters
 22585 | D:13     | XOM: silly message
 22588 | D:13     | XOM: summons 4 friendly demons
 22720 | D:13     | XOM: harmless Tmut miscast
 23106 | D:14     | XOM: give mutations
 23106 | D:14     | Lost mutation: You passively map a small area around you.
                  | [Xom's mischief]
 23106 | D:14     | Lost mutation: You are surrounded by a mild repulsion
                  | field. (EV +2) [Xom's mischief]
 23107 | D:14     | XOM: summons 4 friendly demons
 23132 | D:14     | XOM: fog
 23138 | D:15     | Entered Level 15 of the Dungeon
 23206 | D:15     | XOM: potion effect (might)
 23354 | D:15     | XOM: cloud trail
 23426 | D:15     | XOM: fake destruction
 23470 | D:15     | XOM: noise
 23480 | D:15     | XOM: summons friendly quasit
 23830 | D:15     | XOM: 3-stop teleportation journey
 23948 | D:15     | XOM: god gift: potion of curing
 23996 | D:15     | XOM: summons 3 friendly demons
 24042 | D:15     | XOM: snakes to sticks
 24062 | D:15     | XOM: enchant monster (good)
 24125 | D:15     | XOM: silly message
 24156 | D:15     | XOM: 2-stop teleportation journey
 24357 | D:15     | XOM: harmless Necr miscast
 24359 | D:15     | XOM: 2-stop teleportation journey
 24359 | D:15     | Identified the ring "Ciwiliw" {rN+ Stlth+}
 24361 | D:15     | XOM: 3-stop teleportation journey
 24424 | D:15     | XOM: medium Hex miscast
 24616 | D:15     | XOM: blink monster(s)
 24621 | D:15     | XOM: mild Necr miscast
 24631 | D:15     | XOM: enchant monster (good)
 24650 | D:15     | XOM: enchant monster (good)
 24718 | D:15     | XOM: smoke on damage
 24814 | D:15     | Reached skill level 10 in Evocations
 25050 | D:15     | Found a staircase to the Depths.
 25135 | D:15     | Found a shimmering altar of Xom.
 25213 | D:14     | XOM: fake destruction
 25240 | D:14     | XOM: 1-stop teleportation journey
 25420 | D:14     | XOM: smoke on damage
 25497 | D:14     | Found a gate to the Vaults.
 25633 | D:14     | XOM: medium Summ miscast
 25838 | D:13     | XOM: give mutations
 25838 | D:13     | Gained mutation: You tend to lose your temper in combat.
                  | [Xom's mischief]
 25838 | D:13     | Lost mutation: Your spells are a little harder to cast, but
                  | a little more powerful. [Xom's mischief]
 25838 | D:13     | Lost mutation: You tend to lose your temper in combat.
                  | [Xom's mischief]
 25838 | D:13     | Gained mutation: You have a pair of small antennae on your
                  | head. [Xom's mischief]
 25927 | D:11     | XOM: give mutations
 25927 | D:11     | Gained mutation: You are partially covered in icy blue
                  | scales. (AC +2) [Xom's grace]
 25927 | D:11     | Gained mutation: You evolve. [Xom's grace]
 25927 | D:11     | Gained mutation: You expend magic power (3 MP) to
                  | strengthen your wands. [Xom's grace]
 25927 | D:11     | Gained mutation: Your flesh is heat resistant. (rF+) [Xom's
                  | grace]
 25956 | D:10     | XOM: severe Air miscast
 26001 | Shoals:1 | Entered Level 1 of the Shoals
 26063 | D:9      | XOM: scenery: 1 doors open
 26105 | D:8      | Bought the +9 scimitar of Reason {drain, rPois MR+ Dex+3}
                  | for 1054 gold pieces
 26159 | D:10     | Bought a +0 large shield for 58 gold pieces
 26226 | Lair:2   | XOM: cloud trail
 26365 | Shoals:1 | XOM: smoke on damage
 26368 | Shoals:1 | Reached skill level 1 in Long Blades
 26669 | Shoals:1 | Reached skill level 1 in Hexes
 26847 | Shoals:1 | Reached XP level 16. HP: 102/102 MP: 24/24
 26902 | Shoals:1 | XOM: god gift: scroll of teleportation
 27063 | Shoals:1 | XOM: fog
 27413 | Shoals:1 | XOM: polymorph snapping turtle -> cyclops
 27621 | Shoals:2 | XOM: cast spell 'Disjunction'
 27626 | Shoals:2 | XOM: summons friendly quasit
 27788 | Shoals:2 | Gained mutation: You are partially covered in molten
                  | scales. (AC +2) [evolution]
 27832 | Shoals:2 | XOM: cast spell 'Necromutation'
 28015 | Shoals:2 | XOM: 2-stop teleportation journey
 28060 | Shoals:2 | XOM: medium Tmut miscast
 28178 | Shoals:2 | XOM: mild Tmut miscast
 28182 | Shoals:2 | XOM: 6-stop teleportation journey
 28220 | Shoals:2 | XOM: cast spell 'Summon Hydra'
 28235 | Shoals:2 | Noticed Polyphemus
 28237 | Shoals:2 | Noticed Polyphemus
 28237 | Shoals:2 | Polyphemus changed into Polyphemus the dire elephant
 28253 | Shoals:2 | XOM: butterfly on damage
 28254 | Shoals:2 | XOM: medium Tloc miscast
 28254 | Shoals:2 | Cast into level 3 of the Abyss (the capriciousness of Xom)
 28353 | Abyss:3  | Noticed a tentacled starspawn
 28356 | Abyss:3  | XOM: divination: detect items
 28370 | Abyss:3  | Killed a tentacled starspawn
 28379 | Abyss:3  | XOM: confuse monster(s)
 28385 | Abyss:3  | XOM: enchant monster (good)
 28385 | Abyss:3  | Killed from afar by a wretched star

Levels and vault maps discovered:
D:1:      evilmike_arrival_hilbert_curve, layout_loops_cross
D:2:      layout_loops_ring, uniq_terence
D:3:      layout_basic, first_ration, minmay_misc_feat_five, uniq_sigmund
D:4:      layout_rooms, makhleb_grotto_becter, serial_shops, shop,
          kennysheep_opposing_triangles, uniq_edmund
D:5:      layout_cave_pods, serial_shops, shop, okawaru_altar_gauntlet_db,
          uniq_prince_ribbit1
D:6:      wad_river_or_something, layout_basic, gammafunk_temple_overflow_pools,
          cheibriados_altar_1
D:7:      layout_basic, temple_statues, serial_undead, serial_undead_e,
          serial_undead_f, serial_undead_b, serial_undead_c, grunt_ogre_cave,
          uniq_menkaure
D:8:      layout_cave_pools, serial_shops, kennysheep_mini, shop,
          shop_fountains, shop
D:9:      layout_basic, dancing_weapons_uskayaw,
          grunt_dithmenos_smoke_and_mirrors, david_lair_shrubbed, serial_shops,
          shop, grunt_ministairs_14, minmay_st_funbox
D:10:     layout_rooms, orc_david_3, nicolae_wwwww, lightli_orcish_oven
D:11:     layout_long_grid, hangedman_misty_isle
D:12:     minmay_expanding_squares, layout_long_grid, minmay_holes,
          minmay_starry_boxes
D:13:     layout_roguey, st_stairs_6, grunt_ministairs_12,
          kennysheep_nondescript, minmay_microvault
D:14:     layout_big_octagon, erik_vaults_1, columned_hall_lemuel
D:15:     grunt_enter_depths_magical_seal, layout_irregular_city, basic_altar,
          st_stairs_3
Lair:1:   layout_small_grid, chequers_serial_rivers_room_b
Lair:2:   wad_woods_04, layout_regular_city, elwin_shoals_entry_rocks,
          wad_woods_road_03, minmay_lair_oklob_bushes
Lair:3:   layout_regular_city, dummy_snake_entry, small_statue_intersection
Lair:4:   layout_gridlike, serial_bayou_shore_a, minmay_lair_oklob_chamber,
          infiniplex_staircase_pool_2
Lair:5:   layout_cave_pods, minmay_slime_entry_oklob_open, grunt_megastairs_3,
          uniq_nessos
Shoals:1: nicolae_shoals_island_circles, layout_shoals
Shoals:2: layout_shoals, nicolae_shoals_loop_pool, uniq_polyphemus
Orc:1:    layout_caves, enter_bailey_5, uniq_urug
Orc:2:    st_orc_town, layout_caves
Abyss:3:  base: Snake:1, minivault_19,
          evilmike_nicolae_abyss_rune_containment_curve, evilmike_abyss_exit_1,
          hangedman_steaming_rock

Skill      XL: |  1  2  3  4  5  6  7  8  9 10 11 12 13 14 15 16 |
---------------+-------------------------------------------------+-----
Stealth        | 1 2 3 5 7 8 10 | 10.8
Short Blades   | 3 4 5 |  5.8
Fighting       | 3 4 5 6 7 9 10 11 12 13 14 | 14.3
Dodging        | 1 2 3 4 5 6 7 8 |  8.4
Armour         | 2 |  2.1
Evocations     | 1 2 4 5 6 7 9 10 | 10.0
Bows           | 2 4 6 8 9 10 12 13 14 | 14.0
Spellcasting   | 1 3 |  3.3
Long Blades    | 1 |  1.8
Hexes          | 1 3 |  3.0

Action                   |  1- 3 |  4- 6 |  7- 9 | 10-12 | 13-15 | 16-18 || total
-------------------------+-------+-------+-------+-------+-------+-------++-------
Melee: Short sword       |    23 |     5 |    73 |    34 |   135 |     1 ||   271
       Bite              |     9 |    30 |    83 |    87 |   528 |    32 ||   769
       Dagger            |    38 |   122 |   190 |   204 |   814 |    55 ||  1423
       Shortbow          |       |       |       |     1 |     2 |       ||     3
       Scimitar          |       |       |       |       |    28 |     7 ||    35
 Fire: Shortbow          |       |       |    80 |   332 |  1191 |   225 ||  1828
Throw: Dart              |       |     2 |     2 |     3 |     2 |       ||     9
Evoke: Wand              |       |       |     3 |     5 |    15 |     4 ||    27
  Use: Scroll            |       |       |     6 |    14 |    25 |     1 ||    46
       Potion            |       |       |       |     2 |     3 |     1 ||     6
 Stab: Sleeping          |     2 |     4 |     7 |     3 |     1 |       ||    17
       Petrified         |       |     1 |     1 |     4 |    10 |       ||    16
       Petrifying        |       |     1 |       |     2 |     1 |       ||     4
       Distracted        |       |       |     2 |     3 |     3 |       ||     8
       Paralysed         |       |       |     1 |       |     7 |       ||     8
       Confused          |       |       |       |     2 |       |       ||     2
       Invisible         |       |       |       |     1 |       |       ||     1
  Eat: Chunk             |     1 |     4 |    12 |    25 |    56 |     2 ||   100
       Ration            |       |       |       |       |     2 |       ||     2
Armor: Leather armour    |    11 |    36 |    73 |    25 |       |       ||   145
       Robe              |       |       |       |     7 |   233 |    17 ||   257
Dodge: Dodged            |    32 |    67 |   162 |   168 |   938 |    50 ||  1417
Block: Large shield      |       |       |       |       |    22 |       ||    22
       Rpst.: Scimitar   |       |       |       |       |     1 |     2 ||     3
